 Dungeon Crawl Stone Soup version 0.31-a0-234-gad7ace16ef (webtiles) character file.

Game seed: 12577575967524993921

482 qw the Shooter (level 7, -7/44 HPs)
             Began as a Gargoyle Hexslinger on July 9, 2023.
             Mangled by Duvessa
             ... wielding a +2 vampiric short sword
              (10 damage)
             ... on level 4 of the Dungeon.
             The game lasted 00:01:08 (2646 turns).

qw the Shooter (Gargoyle Hexslinger)                Turns: 2646, Time: 00:01:09

Health: -7/44      AC: 14    Str: 11      XL:     7   Next: 12%
Magic:  8/8        EV: 11    Int: 13 (14) God:
Gold:   172        SH:  0    Dex: 13 (14) Spells: 7/8 levels left

rFire   . . .        Y - +2 sling
rCold   . . .        (no shield)
rNeg    + . .        d - +0 leather armour
rPois   inf          c - +0 helmet
rElec   +            f - +0 cloak
rCorr   .            i - +0 pair of gloves
SInv    .            e - +2 pair of boots
Will    .....        (no amulet)
Stlth   +            (no ring)
HPRegen 0.27/turn    (no ring)
MPRegen 0.11/turn

%: no passive effects
@: about to teleport
A: sickness immunity, AC +4, negative energy resistance 1, electricity
resistance, torment resistance 1, petrification resistance
a: no special abilities


You were on level 4 of the Dungeon.
You visited 1 branch of the dungeon, and saw 4 of its levels.

You collected 172 gold pieces.


Innate Abilities, Weirdness & Mutations

You are immune to sickness and miasma.
Your stone body is resilient. (AC +4)
You are immune to poison.
You resist negative energy. (rN+)
You are resistant to electric shocks. (rElec)
You are resistant to unholy torment.
You are immune to petrification.


   Skills:
 - Level 4.4 Fighting
 + Level 6.1 Ranged Weapons
 - Level 1.3 Armour
 - Level 1.5 Dodging
 - Level 1.0 Spellcasting
 - Level 2.6 Hexes


You had 7 spell levels left.
You knew the following spells:

 Your Spells              Type           Power      Damage    Failure   Level
a - Slow                  Hex            28%        N/A       12%         1

Your spell library contained the following spells:

 Spells                   Type           Power      Damage    Failure   Level
 Inner Flame              Hex/Fire       4%         N/A       54%         3
 Portal Projectile        Hex/Tloc       8%         N/A       54%         3
 Cause Fear               Hex            3%         N/A       77%         4

Inventory:

Hand Weapons
 Y - a +2 sling (weapon)
Armour
 c - a +0 helmet (worn)
 d - a +0 leather armour (worn)
 e - a +2 pair of boots (worn)
 f - a +0 cloak (worn)
 i - a +0 pair of gloves (worn)
Scrolls
 b - 3 scrolls of identify
 g - a scroll of blinking {unknown}
Potions
 h - a potion of enlightenment {unknown}
 k - 2 potions of curing

Dungeon Overview and Level Annotations

Branches:
Dungeon (4/15)
 Temple: D:4-7

Altars:
Nemelex Xobeh
Qazlal
Uskayaw

Annotations:
D:2 1 runed translucent door, Crazy Yiuf
D:3 2 transporters, qw's ghost, amateur GrHs
D:4 Dowan; Duvessa


Message History

The sling bullet closely misses Duvessa.
The sling bullet hits Dowan but does no damage.
Dowan is moderately wounded.
Duvessa closely misses you.
Dowan casts a spell.
Dowan blinks!
You shoot a sling bullet. The sling bullet hits Duvessa.
Duvessa is lightly wounded.
The jackal bites you but does no damage.
Duvessa hits you but does no damage. Duvessa closely misses you.
2638 ||| Stepping ~*~*~tactically~*~*~ (outnumbered).
You shoot a sling bullet. The sling bullet hits Duvessa.
Duvessa is moderately wounded.
Duvessa hits you with a +2 vampiric short sword!
Duvessa hits you but does no damage.
You shoot a sling bullet.
The sling bullet hits Duvessa but does no damage.
Duvessa is moderately wounded.
Duvessa hits you but does no damage.
You shoot a sling bullet. The sling bullet hits Duvessa.
Duvessa is moderately wounded.
Duvessa hits you with a +2 vampiric short sword.
Duvessa hits you but does no damage.
You shoot a sling bullet. The sling bullet barely misses Duvessa.
Duvessa hits you but does no damage.
You shoot a sling bullet. The sling bullet barely misses Duvessa.
Duvessa hits you with a +2 vampiric short sword!
Duvessa barely misses you.
You shoot a sling bullet.
The sling bullet closely misses Duvessa.
Duvessa hits you with a +2 vampiric short sword. x2
You shoot a sling bullet. The sling bullet hits Duvessa!
Duvessa is heavily wounded.
Duvessa hits you with a +2 vampiric short sword!
2646 ||| READING scroll of teleportation.
As you read the scroll of teleportation, it crumbles to dust.
You feel strangely unstable.
Duvessa drinks a potion.
Duvessa is healed!
Duvessa hits you with a +2 vampiric short sword!
You die...

#..###........ #..##.........
............... ...............
####+#### .##...##........
#.......# .##....#
.....h##.......## ....:..#
#.e.'.........+ ...#...#####
##e.....)..# .#.#.#'#...#+#
#@..........
.#####.......#####.......##
+#.#...........#.#'#...#+#.#
...##.........##...#####...## .##
....'.........+......#......+....
....##.......##......#......##...
.....#.......#.......#.......#...
.....####+####.......+.......#...
.....#.......#.......#.......#...


You could see Duvessa (fast).

Vanquished Creatures
  Sigmund (D:2)
  An ogre (D:4)
  An orc priest (D:3)
  2 sleepcaps (D:4)
  Jessica (D:2)
  An iguana (D:4)
  4 adders
  2 dart slugs
  3 orcs
  3 endoplasms
  2 giant cockroaches
  7 goblins
  6 hobgoblins
  5 jackals
  3 kobolds
  6 quokkas
  2 ball pythons
  8 bats
  6 frilled lizards
  5 rats
69 creatures vanquished.

Notes
Turn   | Place    | Note
-------+----------+-------------------------------------------
     0 | D:1      | qw the Gargoyle Hexslinger began the quest for the Orb.
     0 | D:1      | Reached XP level 1. HP: 12/12 MP: 2/2
     0 | D:1      | 0 ||| qw: Version: 0.3-a-51-g015441d
     0 | D:1      | 0 ||| qw: Game counter: 4308
     0 | D:1      | 0 ||| qw: Melee chars always use a shield: true
     0 | D:1      | 0 ||| qw: God list: Okawaru
     0 | D:1      | 0 ||| qw: Allow faded altars: false
     0 | D:1      | 0 ||| qw: Do Orc after clearing Dungeon:15 true
     0 | D:1      | 0 ||| qw: Do second Lair branch before Depths: true
     0 | D:1      | 0 ||| qw: Lair rune preference: random
     0 | D:1      | 0 ||| qw: Goals: Normal
     0 | D:1      | 0 ||| PLANNING D:1-11
    27 | D:1      | HP: 2/12 [dart slug/slug dart (4)]
    30 | D:1      | Reached XP level 2. HP: 3/16 MP: 3/3
   137 | D:1      | Reached skill level 3 in Ranged Weapons
   540 | D:1      | Reached XP level 3. HP: 21/21 MP: 4/4
   719 | D:1      | 719 ||| UPGRADING to +0 leather armour.
   729 | D:1      | 729 ||| DROPPING +0 robe.
   730 | D:1      | 730 ||| UPGRADING to +2 pair of boots.
   735 | D:1      | 735 ||| UPGRADING to +0 pair of gloves.
   740 | D:1      | 740 ||| READING 2 scrolls labelled BOECOU SUTE.
   743 | D:1      | 743 ||| READING scroll labelled PAMUEW NEMI.
   744 | D:1      | 744 ||| READING scroll labelled GODUAVODOS.
   745 | D:1      | 745 ||| READING scroll labelled YSKUAR SUSK.
   746 | D:1      | 746 ||| READING scroll labelled BUTROG LOPASY.
   747 | D:1      | 747 ||| DROPPING scroll of poison.
   773 | D:2      | Noticed Jessica
   779 | D:2      | Killed Jessica
   844 | D:2      | Noticed Sigmund
   856 | D:2      | Killed Sigmund
   857 | D:2      | Reached skill level 5 in Ranged Weapons
   857 | D:2      | Reached XP level 4. HP: 14/26 MP: 5/5
   857 | D:2      | Reached XP level 5. HP: 16/30 MP: 6/6
  1028 | D:2      | Reached XP level 6. HP: 35/35 MP: 7/7
  1064 | D:2      | Found a runed translucent door.
  1065 | D:2      | Noticed Crazy Yiuf
  1533 | D:2      | 1533 ||| DROPPING ring of wizardry.
  1534 | D:2      | 1534 ||| DRINKING 2 sedimented ruby potions.
  1535 | D:2      | 1535 ||| DROPPING potion of degeneration.
  1633 | D:3      | Found a stormy altar of Qazlal.
  1637 | D:3      | Found a hide-covered altar of Uskayaw.
  1798 | D:3      | Reached skill level 3 in Fighting
  1901 | D:3      | Found a sparkling altar of Nemelex Xobeh.
  2035 | D:3      | Found a transporter.
  2042 | D:3      | Found a transporter.
  2042 | D:3      | Noticed qw's ghost (amateur GrHs)
  2042 | D:3      | Identified the +2 great mace of the Enfolding Goat {heavy,
                  | rElec}
  2126 | D:3      | 2126 ||| UPGRADING to +0 helmet.
  2131 | D:3      | 2131 ||| UPGRADING to +0 cloak.
  2136 | D:3      | 2136 ||| READING scroll labelled ZUOLLE POUST.
  2178 | D:4      | Reached skill level 1 in Armour
  2322 | D:4      | Reached skill level 6 in Ranged Weapons
  2614 | D:4      | Reached XP level 7. HP: 44/44 MP: 8/8
  2629 | D:4      | Noticed Dowan
  2630 | D:4      | Noticed Duvessa
  2638 | D:4      | 2638 ||| Stepping ~*~*~tactically~*~*~ (outnumbered).
  2645 | D:4      | HP: 3/44 [Duvessa/+2 vampiric short sword (10)]
  2646 | D:4      | 2646 ||| READING scroll of teleportation.
  2646 | D:4      | Mangled by Duvessa

Levels and vault maps discovered:
D:1:      dpeg_arrival_rooms_b, layout_basic
D:2:      layout_loops_cross, uniq_crazy_yiuf_cottage, uniq_sigmund,
          uniq_jessica
D:3:      layout_basic, mainiacjoe_overflow_boulevard, nicolae_overflow_squiral,
          gammafunk_ghost_smash, nicolae_figureground_pulse
D:4:      nicolae_cairo_tiling_very_big, layout_cave_pools, uniq_duvessa

Skill      XL: |  1  2  3  4  5  6 |
---------------+-------------------+-----
Ranged Weapons | 3 5 6 |  6.1
Fighting       | 2 4 |  4.4
Armour         | 1 |  1.3
Dodging        | |  1.5
Spellcasting   | |  1.0
Hexes          | |  2.6

Action                     |  1- 3 |  4- 6 |  7- 9 || total
---------------------------+-------+-------+-------++-------
   Fire: Sling             |   108 |   155 |    16 ||   279
    Use: Scroll            |     5 |     1 |     1 ||     7
         Potion            |       |     1 |       ||     1
 Armour: Robe              |     7 |       |       ||     7
         Leather armour    |    15 |    46 |     8 ||    69
  Dodge: Dodged            |    39 |    47 |     3 ||    89

Table legend:
 A = Non-vault XP
 B = Vault XP
 C = Vault XP percentage of total XP
 D = Non-vault monster count
 E = Vault monster count
 F = Vault count percentage of total count
                 A         B        C        D         E       F
            +---------+---------+-------+---------+---------+-------
      Total |     429 |     260 |  37.7 |      67 |       2 |   2.9
            +---------+---------+-------+---------+---------+-------
        D:1 |      37 |       0 |   0.0 |      20 |       0 |   0.0
        D:2 |      45 |     260 |  85.2 |      19 |       2 |   9.5
        D:3 |      77 |       0 |   0.0 |      16 |       0 |   0.0
        D:4 |     270 |       0 |   0.0 |      12 |       0 |   0.0
            +---------+---------+-------+---------+---------+-------
